 Dungeon Crawl Stone Soup version 0.25.1-2-g60ff931df9 (webtiles) character file.

Game seed: 10374567666641229006

14128 Inchmeat the Severer (level 12, -6/106 HPs)
             Began as a Hill Orc Gladiator on Nov 15, 2020.
             Was a Priest of Makhleb.
             Killed by divine providence
             ... invoked by an orc priest
              (16 damage)
             ... on level 14 of the Dungeon.
             The game lasted 00:25:02 (15383 turns).

Inchmeat the Severer (Hill Orc Gladiator)          Turns: 15383, Time: 00:25:03

Health: -6/106     AC: 14    Str: 22    XL:     12   Next: 13%
Magic:  12/12      EV: 24    Int: 12    God:    Makhleb [***...]
Gold:   351        SH:  0    Dex: 12    Spells: 11/11 levels left

rFire    + . .     SeeInvis .   I - +5 flail "Ashi Cif" {venom, rF+ rC+ Int+4}
rCold    + + .     Gourm    .   (no shield)
rNeg     . . .     Faith    .   p - +0 chain mail
rPois    +         Spirit   .   K - +2 hat
rElec    .         Reflect  .   F - +0 cloak {rPois}
rCorr    .         Harm     .   u - +0 pair of gloves
MR       .....                  (no boots)
Stlth    ..........             e - amulet of the acrobat
HPRegen  0.27/turn              v - ring of protection from cold
MPRegen  0.13/turn              (no ring)

@: acrobat
A: no striking features
a: Minor Destruction, Lesser Servant of Makhleb, Renounce Religion, Convert to
Beogh


You were on level 14 of the Dungeon.
You worshipped Makhleb.
Makhleb was most pleased with you.
You were not hungry.

You visited 2 branches of the dungeon, and saw 12 of its levels.

You collected 636 gold pieces.
You spent 285 gold pieces at shops.

Inventory:

Hand Weapons
 a - a +1 war axe
 d - a +0 battleaxe
 E - a +0 dire flail
 H - a +0 shortbow
 I - the +5 flail "Ashi Cif" (weapon) {venom, rF+ rC+ Int+4}
   (You found it on level 10 of the Dungeon)

   It poisons the flesh of those it strikes.
   It affects your intelligence (+4).
   It protects you from fire.
   It protects you from cold.
Missiles
 g - 11 boomerangs
 j - 132 bolts
 s - 285 arrows
 G - 10 curare-tipped darts (quivered)
Armour
 h - a +0 plate armour
 p - a +0 chain mail (worn)
 u - a +0 pair of gloves (worn)
 F - a +0 cloak of poison resistance (worn)
 K - a +2 hat (worn)
Jewellery
 e - an amulet of the acrobat (around neck)
 t - an uncursed amulet of faith
 v - a ring of protection from cold (left hand)
 x - an uncursed ring of fire
Wands
 q - a wand of flame (11)
 r - a wand of polymorph (19)
 C - a wand of enslavement (8)
Scrolls
 b - a scroll of immolation
 l - 6 scrolls of remove curse {@r2}
 o - 2 scrolls of teleportation
 D - a scroll of identify {@r1}
Potions
 i - a potion of magic
 k - 3 potions of might
 m - a potion of haste
 A - a potion of brilliance
 B - a potion of stabbing
Comestibles
 c - 13 chunks of flesh
 f - 5 rations


   Skills:
 * Level 9.7 Fighting
 - Level 20.0 Axes
 - Level 1.7 Throwing
 + Level 5.9 Armour
 - Level 2.4 Dodging


You had 11 spell levels left.
You didn't know any spells.
Your spell library contained the following spells:

 Spells                   Type           Power        Failure   Level  Hunger
 Sting                    Tmut/Pois      #...         94%         1    ##.....
 Poisonous Vapours        Pois/Air       #.....       98%         2    ###....
 Ignite Poison            Fire/Tmut/Pois #.......     100%        3    ####...
 Mephitic Cloud           Conj/Pois/Air  #.......     100%        3    ####...
 Olgreb's Toxic Radiance  Pois           #.......     100%        4    #####..
 Bolt of Magma            Conj/Fire/Erth #.........   100%        5    ######.
 Iskenderun's Battlesphe  Conj/Chrm      #.......     100%        5    ######.
 Iron Shot                Conj/Erth      #.........   100%        6    #######
 Orb of Destruction       Conj           #.........   100%        7    #######
 Spellforged Servitor     Conj/Summ      #.........   100%        7    #######


Dungeon Overview and Level Annotations

Branches:
Dungeon (11/15)            Temple (1/1) D:6            Lair (0/6) D:10
    Orc (0/2) D:10

Altars:
Ashenzari
Dithmenos
Fedhas
Hepliaklqana
Kikubaaqudgha
Makhleb
Okawaru
Qazlal
Ru
Sif Muna
Trog
Vehumet
Xom
Yredelemnul
Zin
The Shining One

Shops:
D:6 ?   D:9 [

Annotations:
D:8 hehateme's ghost, novice GrBe
D:11 1 runed translucent door


Message History

Tha nine-headed hydra completely misses ye.
Tha nine-headed hydra bites ye.
* * * LOW HITPOINT WARNIN'
* * * Yer surroundin's sudd'nly seem different.
Tha hornet buzzes angrily.
An orc warrior comes inta view.
It be wieldin' a +0 battleaxe.
Tha orc warrior shouts!
An orc comes inta view.
It be wieldin' a +0 trident.
Tha orc shouts!
An orc priest comes inta view.
It be wieldin' a +0 dire flail.
Tha cyclops throws a large rock.
Tha large rock misses ye.
Found a dagger an' a large rock.
Found a stone staircase leadin' up.
A cyclops comes inta view.
Unknown command.
Okay, than.
Okay, than.
Okay, than.
Tha orc priest invokes tha aid o' Beogh against ye.
Beogh smites ye!
Ye die...

###..#....
.......
####..........
.......
##.............
.......
##........o.o..♣
#..........y....
.......Co.....#
..............##
#.............#
##.....@.......
#......^...)##
###......#..#
##<...## ...
#.(..# .. ###.##
###


You could see a cyclops, a hornet, an orc warrior, an orc priest and an orc.

Vanquished Creatures
  Agnes (D:14)
  Harold (D:9)
  A centaur warrior (D:14)
  5 death yaks
  An unseen horror (D:14)
  A manticore (D:11)
  A cyclops (D:14)
  Maurice (D:9)
  3 hippogriffs
  8 yaks (D:10)
  A hungry ghost (D:8)
  2 sky beasts
  2 black bears
  3 orc warriors
  4 phantoms
  6 ice beasts
  5 centaurs
  A necrophage (D:9)
  8 ogres
  6 bullfrogs
  2 big kobolds
  3 scorpions
  5 wights (D:9)
  5 howler monkeys
  2 electric eels (D:10)
  2 crimson imps
  A bullfrog zombie (D:8)
  A jelly (D:6)
  5 orc priests
  2 hounds
  7 orc wizards
  3 iguanas
  5 worker ants
  A centaur simulacrum (D:8)
  2 hound zombies
  Robin (D:3)
  A worker ant zombie (D:9)
  14 adders
  2 shadow imps
  A hound simulacrum (D:8)
  2 white imps (D:8)
  A worker ant simulacrum (D:8)
  2 adder skeletons
  2 worms
  5 dart slugs
  6 leopard geckos
  35 orcs
  5 giant cockroaches
  23 goblins
  11 hobgoblins
  13 jackals
  15 kobolds
  4 quokkas
  3 ball pythons
  7 bats
  2 frilled lizards
  A quokka skeleton (D:9)
  13 rats
276 creatures vanquished.

Notes
Turn   | Place    | Note
-------+----------+-------------------------------------------
     0 | D:1      | Inchmeat the Hill Orc Gladiator began the quest for the
                  | Orb.
     0 | D:1      | Reached XP level 1. HP: 18/18 MP: 1/1
   210 | D:1      | Reached XP level 2. HP: 16/25 MP: 2/2
   495 | D:1      | Reached skill level 5 in Axes
   784 | D:1      | Reached XP level 3. HP: 25/30 MP: 3/3
  1056 | D:2      | Found an iron altar of Okawaru.
  1061 | D:2      | Reached skill level 6 in Axes
  1498 | D:2      | Reached XP level 4. HP: 37/37 MP: 4/4
  2053 | D:2      | Noticed a moth of wrath
  2055 | D:2      | Found a bloodstained altar of Trog.
  2062 | D:2      | Reached skill level 7 in Axes
  2472 | D:2      | Found a shadowy altar of Dithmenos.
  2654 | D:3      | Reached XP level 5. HP: 42/42 MP: 5/5
  3819 | D:3      | Noticed Robin
  3836 | D:3      | Reached skill level 8 in Axes
  3856 | D:3      | Killed Robin
  4235 | D:4      | Reached XP level 6. HP: 13/50 MP: 6/6
  4396 | D:4      | Reached skill level 9 in Axes
  4450 | D:4      | Noticed a phantom
  4479 | D:4      | Killed a phantom
  4597 | D:4      | Reached skill level 10 in Axes
  4597 | D:4      | Reached XP level 7. HP: 22/56 MP: 7/7
  5244 | D:4      | You fall into a shaft and drop 2 floors!
  5252 | D:6      | Reached skill level 11 in Axes
  5272 | D:6      | Found Hempu's Magic Scroll Shop.
  5280 | D:6      | Bought a scroll of identify for 28 gold pieces
  5280 | D:6      | Bought a scroll of teleportation for 42 gold pieces
  5280 | D:6      | Bought a scroll of identify for 28 gold pieces
  5332 | D:6      | Reached skill level 12 in Axes
  5332 | D:6      | Reached XP level 8. HP: 48/62 MP: 8/8
  5648 | D:6      | Found a staircase to the Ecumenical Temple.
  5663 | Temple   | Entered the Ecumenical Temple
  5698 | Temple   | Became a worshipper of Makhleb the Destroyer
  5807 | D:6      | Reached skill level 13 in Axes
  6471 | D:6      | Reached skill level 14 in Axes
  6698 | D:6      | HP: 1/62 [orc priest/divine providence (13)]
  7426 | D:6      | Reached XP level 9. HP: 62/68 MP: 9/9
  7614 | D:7      | Reached * piety under Makhleb
  7844 | D:7      | Reached skill level 15 in Axes
  8392 | D:8      | Found a runed translucent gate.
  8393 | D:8      | Found a runed translucent gate.
  8394 | D:8      | Found a runed translucent gate.
  8455 | D:8      | Noticed hehateme's ghost (novice GrBe)
  8481 | D:8      | Reached ** piety under Makhleb
  8481 | D:8      | Reached skill level 16 in Axes
  8640 | D:8      | Found a sacrificial altar of Ru.
  8909 | D:8      | Found a shattered altar of Ashenzari.
  8976 | D:9      | Noticed Maurice
  9003 | D:8      | Reached XP level 10. HP: 20/74 MP: 10/10
  9345 | D:8      | Reached skill level 17 in Axes
  9843 | D:9      | Noticed Harold
  9858 | D:9      | Killed Harold
 10365 | D:9      | Reached skill level 18 in Axes
 10386 | D:9      | Found Zuttarak's Antique Armour Boutique.
 10407 | D:9      | Bought a runed cloak for 187 gold pieces
 10690 | D:9      | Found a glowing silver altar of Zin.
 10738 | D:9      | Killed Maurice
 12062 | D:10     | Entered Level 10 of the Dungeon
 12070 | D:10     | Reached skill level 19 in Axes
 12257 | D:10     | Found a staircase to the Orcish Mines.
 12321 | D:10     | Found a staircase to the Lair.
 12321 | D:10     | Noticed a death yak
 12321 | D:10     | Noticed a death yak
 12321 | D:10     | Noticed a death yak
 12321 | D:10     | Noticed a death yak
 12348 | D:10     | Killed a death yak
 12348 | D:10     | Reached XP level 11. HP: 40/80 MP: 11/11
 12371 | D:10     | Killed a death yak
 12645 | D:10     | Reached skill level 20 in Axes
 12655 | D:10     | Reached *** piety under Makhleb
 12882 | D:10     | Noticed a death yak
 13186 | D:10     | Reached skill level 1 in Armour
 13241 | D:9      | Killed a death yak
 13603 | D:10     | Killed a death yak
 13603 | D:10     | Reached skill level 5 in Fighting
 13620 | D:10     | Killed a death yak
 14022 | D:10     | Got a crude flail
 14410 | D:11     | Identified the +5 flail "Ashi Cif" {venom, rF+ rC+ Int+4}
                  | (You found it on level 10 of the Dungeon)
 14443 | D:11     | Noticed a manticore
 14453 | D:11     | Killed a manticore
 14878 | D:11     | Found a runed translucent door.
 14879 | D:11     | You fall into a shaft and drop 3 floors!
 14879 | D:14     | Noticed a cyan ugly thing
 14879 | D:14     | Noticed a brown ugly thing
 14879 | D:14     | Noticed an eight-headed hydra
 14880 | D:14     | Noticed a cyan ugly thing
 14880 | D:14     | Noticed a cyan ugly thing
 14891 | D:14     | Noticed a cyclops
 14907 | D:14     | Killed a cyclops
 14973 | D:14     | Killed an unseen horror
 15054 | D:14     | Noticed Agnes
 15074 | D:14     | Killed Agnes
 15074 | D:14     | Reached skill level 5 in Armour
 15074 | D:14     | Reached XP level 12. HP: 53/104 MP: 12/12
 15140 | D:14     | Noticed a centaur warrior
 15156 | D:14     | Killed a centaur warrior
 15383 | D:14     | Killed from afar by an orc priest

Illustrated notes

Levels and vault maps discovered:
D:1:      minmay_arrival_wavy_path, layout_rooms
D:2:      layout_loops_ring, kennysheep_okawaru_gauntlet, tgw_trog,
          nicolae_dithmenos_through_a_glass_darkly
D:3:      kennysheep_goblin_castle, layout_loops_cross
D:4:      layout_loops_ring
D:6:      layout_basic, minmay_temple_entry_wispy, serial_shops, shop
D:7:      layout_gridville
D:8:      layout_rooms, nicolae_ru_great_annihilating_truth,
          evilmike_ruin_ashenzari, gammafunk_ghost_icy
D:9:      layout_rooms, zin_scriptorium, serial_shops, shop,
          minmay_quadrilaterals, uniq_maurice, uniq_harold
D:10:     layout_basic, dpeg_lair_monsters, orc_0_dummy
D:11:     layout_roguey, ebering_ghost_reflecting_pool
D:14:     layout_cave_pools, david_vaults_1, serial_shops, nicolae_shop_trees,
          minmay_misc_feat_rows, glass_columns_b, uniq_agnes
Temple:   chequers_temple_sunken

Skill      XL: |  1  2  3  4  5  6  7  8  9 10 11 |
---------------+----------------------------------+-----
Axes           | 5 6 7 8 10 12 14 16 19 20 | 20.0
Fighting       | 9 |  9.7
Armour         | 5 |  5.9
Throwing       | |  1.7
Dodging        | |  2.4

Action                   |  1- 3 |  4- 6 |  7- 9 | 10-12 || total
-------------------------+-------+-------+-------+-------++-------
Melee: War axe           |   102 |   245 |   123 |       ||   470
       Battleaxe         |       |       |   192 |   376 ||   568
       Flail             |       |       |       |     2 ||     2
Throw: Boomerang         |     5 |       |       |    22 ||    27
       Throwing net      |       |     1 |     2 |       ||     3
       Dart              |       |       |     5 |    28 ||    33
Evoke: Wand              |       |       |       |     1 ||     1
  Use: Scroll            |     2 |     4 |    13 |     7 ||    26
       Potion            |       |     1 |     1 |     6 ||     8
 Stab: Sleeping          |     1 |       |       |       ||     1
       Held in net/web   |       |     1 |     2 |       ||     3
       Paralysed         |       |       |     1 |       ||     1
  Eat: Chunk             |     2 |    10 |    11 |    10 ||    33
       Ration            |       |       |     1 |     5 ||     6
Armor: Leather armour    |    43 |       |       |       ||    43
       Ring mail         |     4 |       |       |       ||     4
       Chain mail        |       |   152 |   157 |   159 ||   468
       Skin              |       |       |       |     3 ||     3
Dodge: Dodged            |    89 |   105 |   101 |   134 ||   429
